 Dungeon Crawl Stone Soup version 0.26-a0-651-gb41185065b (webtiles) character file.

Game seed: 17229168738107752791

20667 Flugslaktarn the Cleaver (level 12, -9/121 HPs)
             Began as a Deep Dwarf Fighter on Oct 27, 2020.
             Was a High Priest of Makhleb.
             Killed from afar by Frances (35 damage)
             ... with an iron shot
             ... on level 13 of the Dungeon.
             The game lasted 00:06:22 (8333 turns).

Flugslaktarn the Cleaver (Deep Dwarf Fighter)       Turns: 8333, Time: 00:06:22

Health: -9/121     AC: 19    Str: 25    XL:     12   Next: 47%
Magic:  12/12      EV: 11    Int:  8    God:    Makhleb [*****.]
Gold:   1163       SH: 19    Dex: 15    Spells: 11/11 levels left

rFire    . . .     SeeInvis .   y - +5 war axe
rCold    . . .     Faith    .   D - +1 tower shield
rNeg     . . .     Spirit   .   a - +0 plate armour
rPois    .         Reflect  .   (helmet restricted)
rElec    .         Harm     .   (no cloak)
rCorr    +         Rampage  .   g - +2 pair of gloves
MR       +....                  (no boots)
Stlth    ..........             (no amulet)
HPRegen  0.00/turn              v - +4 ring of evasion
MPRegen  0.13/turn              k - ring of resist corrosion

@: mighty, non-regenerating
A: damage resistance, heal wounds, antennae 1, thin metallic scales 1, sense
surroundings 2, robust 1, strong 1, no regeneration
a: Heal Wounds, Minor Destruction, Lesser Servant of Makhleb, Major Destruction,
Greater Servant of Makhleb, Renounce Religion


You were on level 13 of the Dungeon.
You worshipped Makhleb.
Makhleb was extremely pleased with you.
You visited 2 branches of the dungeon, and saw 14 of its levels.

You collected 1163 gold pieces.

Inventory:

Hand Weapons
 y - a +5 war axe (weapon)
   (You took it off a wight on level 12 of the Dungeon)
Armour
 a - a +0 plate armour (worn)
   (You found it on level 7 of the Dungeon)
 c - a +0 kite shield
 e - a +1 chain mail of magic resistance
   (You took it off an orc warrior on level 6 of the Dungeon)
 g - a +2 pair of gloves (worn)
   (You found it on level 1 of the Dungeon)
 D - a +1 tower shield (worn)
   (You found it on level 8 of the Dungeon)
Jewellery
 k - a ring of resist corrosion (right hand)
   (You took it off an orc on level 6 of the Dungeon)
 v - a +4 ring of evasion (left hand)
   (You found it on level 9 of the Dungeon)
Wands
 E - a wand of iceblast (5)
   (You found it on level 8 of the Dungeon)
Scrolls
 b - 2 scrolls of fear
 h - 2 scrolls of enchant armour
 j - 2 scrolls of immolation
 l - 3 scrolls of magic mapping
 t - a scroll of teleportation
 u - a scroll of enchant weapon
 x - 7 scrolls of remove curse
 z - a scroll of blinking
Potions
 d - 4 potions of might
 f - 4 potions of invisibility
 i - 2 potions of mutation
 n - a potion of berserk rage
 q - 6 potions of curing
 s - a potion of flight {unknown}
 w - 2 potions of heal wounds
 A - a potion of lignification
 B - a potion of ambrosia
Miscellaneous
 C - a tin of tremorstones (inert)
   (You found it on level 12 of the Dungeon)


   Skills:
 + Level 8.1 Fighting
 * Level 12.7 Axes
 + Level 9.6 Armour
 - Level 5.3 Dodging
 + Level 9.4 Shields
 + Level 10.3 Invocations
 + Level 5.3 Evocations


You had 11 spell levels left.
You didn't know any spells.
Your spell library was empty.

Dungeon Overview and Level Annotations

Branches:
Dungeon (13/15)            Temple (1/1) D:4            Lair (0/6) D:8
    Orc (0/2) D:10
 Vaults: D:13-14

Altars:
Ashenzari
Cheibriados
Dithmenos
Elyvilon
Fedhas
Gozag
Hepliaklqana
Kikubaaqudgha
Makhleb
Nemelex Xobeh
Okawaru
Qazlal
Ru
Sif Muna
Trog
Uskayaw
Vehumet
Wu Jian
Xom
Yredelemnul
Zin

Shops:
D:13 (

Annotations:
D:13 Frances


Innate Abilities, Weirdness & Mutations

You are resistant to damage.
You can heal yourself by infusing magical energy.
You passively map the area around you.
You do not regenerate.
You have a pair of small antennae on your head.
You are partially covered in thin metallic scales. (AC +2)
You are robust. (+10% HP)
Your muscles are strong. (Str +2)


Message History

The rust devil hits you.
You slash Frances!
Frances is moderately wounded.
You hit the rust devil but do no damage.
You block Frances's attack. The rust devil hits you.
Frances hits you with a +0 flail!
You slash Frances!
Frances is heavily wounded.
You slice the rust devil!!
Frances screams a word of power!
The iron shot hits you!!!
* * * LOW HITPOINT WARNING * * *
The rust devil hits you.
* * * LOW HITPOINT WARNING * * *
You barely miss Frances.
Frances is heavily wounded.
You hit the rust devil.
Frances whispers indecipherable words.
The iron shot hits you!!!
You die...

.......# #.....................
.......#####.....................
.....................#####.....#.
.....................# #....###
..............>.>....# #...## #
...............>.....# #....###
.....................#####.....#.
.......#####...4.@...............
.......# #....@................
.#.....# #.....................
###....# #...#####............. #
##...#####...# #.............
###............# #.............
.#.............# #.............
...............#####.............
...[..............^......#......#
....))..................###....##


You could see Frances (fast) and a rust devil (summoned).

Vanquished Creatures
  The ghost of Amousmie the Cleaver, a journeyman DDFi of Makhleb (D:12)
  A two-headed ogre (D:9)
  A dancing weapon (D:12)
  2 catoblepae (D:13)
  An unseen horror (D:10)
  An ugly thing (D:11)
  A cyclops (shapeshifter) (D:13)
  A manticore (D:12)
  Joseph (D:9)
  2 gargoyles
  2 centaur skeletons
  2 kobold demonologists (D:11)
  2 trolls
  A jumping spider (shapeshifter) (D:13)
  4 slime creatures (D:13)
  3 hippogriffs
  A centaur simulacrum (D:12)
  2 shadows
  3 wraiths
  23 yaks
  3 vampire mosquitoes (D:12)
  2 water moccasins
  5 black bears
  6 ice beasts
  A swamp drake (D:10)
  An eye of draining (D:12)
  6 orc warriors
  4 sky beasts
  2 phantoms
  A necrophage (D:9)
  An ogre (D:13)
  10 centaurs
  3 wolves (D:8)
  8 big kobolds
  6 bullfrogs
  2 scorpions
  3 killer bees (D:7)
  3 wights (D:12)
  3 howler monkeys
  An electric eel (D:8)
  A bullfrog zombie (D:10)
  A quasit (D:11)
  A gnoll shaman (D:7)
  A centaur zombie (D:10)
  2 jellies
  11 hounds
  12 orc priests
  14 orc wizards
  2 bullfrog skeletons
  4 iguanas
  Terence (D:2)
  6 worker ants
  A hound zombie (D:5)
  4 hound skeletons
  A worker ant zombie (D:6)
  6 gnolls
  17 adders
  2 shadow imps
  A white imp (D:5)
  An adder skeleton (D:6)
  A worm (D:3)
  2 dart slugs (D:1)
  7 leopard geckos
  48 orcs
  4 bats
  A giant cockroach (D:2)
  2 goblins (D:2)
  4 hobgoblins
  12 jackals
  35 kobolds
  6 quokkas
  2 frilled lizards
  A jackal zombie (D:7)
  2 leopard gecko skeletons (D:5)
  A quokka skeleton (D:6)
  A quokka zombie (D:5)
  24 rats
368 creatures vanquished.

Vanquished Creatures (collateral kills)
  2 slime creatures (D:13)
  An orc warrior (D:13)
3 creatures vanquished.

Vanquished Creatures (others)
  A troll (D:13)
1 creature vanquished.

Grand Total: 372 creatures vanquished

Notes
Turn   | Place    | Note
-------+----------+-------------------------------------------
     0 | D:1      | Flugslaktarn the Deep Dwarf Fighter began the quest for the
                  | Orb.
     0 | D:1      | Reached XP level 1. HP: 20/20 MP: 1/1
   147 | D:1      | Reached XP level 2. HP: 25/27 MP: 2/2
   366 | D:2      | Noticed Terence
   379 | D:2      | Reached skill level 3 in Axes
   379 | D:2      | Reached XP level 3. HP: 25/33 MP: 3/3
   381 | D:2      | Killed Terence
   423 | D:2      | Reached XP level 4. HP: 32/42 MP: 4/4
   874 | D:3      | Reached skill level 4 in Axes
   909 | D:3      | Reached XP level 5. HP: 25/49 MP: 5/5
   935 | D:4      | Found a white marble altar of Elyvilon.
   947 | D:4      | Found a staircase to the Ecumenical Temple.
   958 | Temple   | Entered the Ecumenical Temple
  1061 | Temple   | Became a worshipper of Makhleb the Destroyer
  1223 | D:4      | Noticed a phantom
  1249 | D:4      | Killed a phantom
  1249 | D:4      | Reached skill level 1 in Dodging
  1249 | D:4      | Reached skill level 1 in Invocations
  1331 | D:4      | Reached XP level 6. HP: 37/56 MP: 4/6
  2196 | D:5      | Entered Level 5 of the Dungeon
  2224 | D:5      | Reached skill level 5 in Axes
  2295 | D:5      | Found a glowing silver altar of Zin.
  2296 | D:5      | Noticed an angel
  2322 | D:5      | Got a wavering silver amulet
  2375 | D:5      | Reached * piety under Makhleb
  2425 | D:5      | Found a shimmering altar of Xom.
  2446 | D:5      | Noticed a sky beast
  2453 | D:5      | Killed a sky beast
  2453 | D:5      | Reached XP level 7. HP: 59/63 MP: 6/6
  2459 | D:5      | Identified the amulet of Ramaozea {RegenMP Int+5} (You
                  | found it on level 5 of the Dungeon)
  2497 | D:5      | Gained mutation: You have a pair of small antennae on your
                  | head. [potion of mutation]
  2497 | D:5      | Gained mutation: Your muscles are strong. (Str +2) [potion
                  | of mutation]
  2497 | D:5      | Gained mutation: You are partially covered in thin metallic
                  | scales. (AC +2) [potion of mutation]
  2497 | D:5      | Gained mutation: You are robust. (+10% HP) [potion of
                  | mutation]
  2625 | D:5      | Reached skill level 5 in Armour
  2630 | D:5      | Reached skill level 6 in Axes
  2692 | D:5      | Found a hide-covered altar of Uskayaw.
  2963 | D:6      | Reached XP level 8. HP: 50/80 MP: 7/7
  3213 | D:6      | Reached skill level 7 in Axes
  3643 | D:7      | Reached skill level 5 in Invocations
  3666 | D:7      | Reached ** piety under Makhleb
  3674 | D:7      | Reached skill level 5 in Fighting
  3835 | D:7      | Found an iron altar of Okawaru.
  3854 | D:7      | Noticed a hippogriff
  3866 | D:7      | Killed a hippogriff
  3866 | D:7      | Reached skill level 8 in Axes
  3866 | D:7      | Gained mutation: You passively map the area around you.
                  | [Deep Dwarf growth]
  3866 | D:7      | Reached XP level 9. HP: 68/89 MP: 10/10
  4481 | D:8      | Found a staircase to the Lair.
  4488 | D:8      | Noticed a troll
  4511 | D:8      | Reached skill level 5 in Dodging
  4519 | D:8      | Killed a troll
  4554 | D:8      | Reached skill level 9 in Axes
  4627 | D:8      | Found a snail-covered altar of Cheibriados.
  4761 | D:8      | Found a sacrificial altar of Ru.
  5024 | D:9      | Noticed a two-headed ogre
  5038 | D:9      | Killed a two-headed ogre
  5038 | D:9      | Reached *** piety under Makhleb
  5038 | D:9      | Reached skill level 5 in Shields
  5038 | D:9      | Reached XP level 10. HP: 50/100 MP: 11/11
  5066 | D:9      | Noticed Joseph
  5166 | D:9      | Found a blossoming altar of Fedhas.
  5221 | D:9      | Found a broken altar of Ashenzari.
  5234 | D:9      | Killed Joseph
  5300 | D:9      | Reached skill level 10 in Axes
  5595 | D:9      | Found a shimmering blue altar of Sif Muna.
  5685 | D:9      | Found a sparkling altar of Nemelex Xobeh.
  5834 | D:10     | Entered Level 10 of the Dungeon
  5902 | D:10     | Noticed a gargoyle
  5925 | D:10     | Killed a gargoyle
  5937 | D:10     | Reached **** piety under Makhleb
  5974 | D:10     | Killed an unseen horror
  6081 | D:10     | Reached XP level 11. HP: 108/108 MP: 12/12
  6606 | D:10     | Found a staircase to the Orcish Mines.
  6744 | D:11     | Noticed a soul eater
  6753 | D:11     | Reached skill level 11 in Axes
  6815 | D:11     | Reached ***** piety under Makhleb
  6995 | D:11     | Noticed a green ugly thing
  7022 | D:11     | Reached skill level 1 in Evocations
  7027 | D:11     | Killed a green ugly thing
  7203 | D:12     | Found a runed translucent door.
  7205 | D:12     | Found a shimmering altar of Xom.
  7205 | D:12     | Noticed Amousmie's ghost (journeyman DDFi)
  7205 | D:12     | Noticed a +2 scimitar of chaos
  7576 | D:12     | Reached skill level 12 in Axes
  7885 | D:12     | Killed a +2 scimitar of chaos
  7885 | D:12     | Reached XP level 12. HP: 121/121 MP: 12/12
  7909 | D:12     | Killed Amousmie's ghost
  7927 | D:13     | Found a shimmering altar of Xom.
  7965 | D:13     | Noticed a catoblepas
  7969 | D:13     | Noticed a catoblepas
  8002 | D:13     | Killed a catoblepas
  8002 | D:13     | Reached skill level 10 in Invocations
  8027 | D:13     | Killed a catoblepas
  8113 | D:13     | Reached skill level 5 in Evocations
  8123 | D:13     | Found Jecek's Weapon Shoppe.
  8316 | D:13     | Noticed Frances
  8333 | D:13     | Killed from afar by Frances

Illustrated notes

Levels and vault maps discovered:
D:1:      sevenhm_arrival_forest_fort_small_4, layout_basic,
          chequers_serial_rivers_micro_d, minmay_misc_feat_enclosed
D:2:      kennysheep_big_flooded_room, layout_rooms, tso_altar, uniq_terence
D:3:      layout_loops_cross, minmay_rat_hole
D:4:      layout_basic, elyvilon_altar_5, minmay_temple_entry_waves,
          serial_forest, infiniplex_forest_clump_small, infiniplex_forest_pool,
          infiniplex_forest_clump_curved, infiniplex_forest_straight_4,
          infiniplex_forest_lined_2, infiniplex_forest_end_3,
          infiniplex_forest_end_2, ebering_dispersal_statue_hall
D:5:      lemuel_upstairs_altar, layout_basic,
          grunt_temple_overflow_order_and_chaos_1,
          nicolae_overflow_crystal_walls, serial_glass, glass_columns_a,
          glass_columns_a, glass_columns_a, glass_columns_b, glass_columns_b,
          glass_columns_a, st_stairs_1
D:6:      minmay_polygon_palace, layout_loops_ring
D:7:      layout_loops_cross, okawaru_trees_1, minmay_increasing_density
D:8:      layout_basic, kennysheep_mini_moat, cheibriados_altar_1,
          erik_lair_island
D:9:      layout_roguey, lemuel_crystal_altar, nemelex_altar_shiori,
          marbit_many_paths, evilmike_ruin_ashenzari, nrook_loot_triangle,
          st_stairs_5, uniq_joseph
D:10:     layout_roguey, erik_orc_1, minmay_joined_circles
D:11:     layout_cave_pools
D:12:     layout_gridville, ebering_ghost_xom
D:13:     layout_big_octagon, basic_altar, serial_shops,
          nicolae_shop_window_shopping, uniq_frances
Temple:   compressed_dpeg_circular_temple

Skill      XL: |  1  2  3  4  5  6  7  8  9 10 11 12 |
---------------+-------------------------------------+-----
Axes           | 3 4 5 6 8 9 10 12 | 12.7
Fighting       | 3 4 5 6 7 8 |  8.1
Armour         | 4 5 6 7 8 9 |  9.6
Shields        | 4 5 7 8 9 |  9.4
Dodging        | 1 2 3 4 5 |  5.3
Invocations    | 1 2 3 5 7 8 9 10 | 10.3
Evocations     | 4 5 |  5.3

Action                   |  1- 3 |  4- 6 |  7- 9 | 10-12 || total
-------------------------+-------+-------+-------+-------++-------
Melee: War axe           |    70 |   240 |   377 |   677 ||  1364
Invok: Lesser Servant of |       |       |       |     2 ||     2
 Abil: Heal Wounds       |       |     4 |     9 |     9 ||    22
Evoke: Wand              |       |       |       |     1 ||     1
       Tin of tremorston |       |       |       |     3 ||     3
  Use: Scroll            |       |       |     9 |    10 ||    19
       Potion            |       |       |     1 |     4 ||     5
 Stab: Confused          |       |       |       |     2 ||     2
       Distracted        |       |       |       |     2 ||     2
Armor: Scale mail        |    56 |   113 |       |       ||   169
       Chain mail        |       |     1 |   239 |     5 ||   245
       Plate armour      |       |       |       |   371 ||   371
Dodge: Dodged            |    31 |    73 |   149 |   137 ||   390
Block: Kite shield       |    53 |   136 |   233 |       ||   422
       Tower shield      |       |       |    54 |   719 ||   773

Table legend: (Time is in decaauts)
 A = Elapsed time spent in this place.
 B = Non-inter-level travel time spent in this place.
 C = Inter-level travel time spent in this place.
 D = Time resting spent in this place.
 E = Time spent auto-exploring this place.
 F = Levels seen in this place.
 G = Mean time per level.
                   A        B        C        D        E       F      G
               +--------+--------+--------+--------+--------+-----+--------+
         Total |   8595 |   8018 |    577 |     65 |   5374 |  14 |  613.9 |
       Dungeon |   8465 |   7925 |    540 |     65 |   5284 |  13 |  651.2 |
        Temple |    129 |     92 |     37 |      0 |     90 |   1 |  129.0 |
               +--------+--------+--------+--------+--------+-----+--------+

Top non-repeatable levels by time:
     D:4: 1172 daAuts
    D:10: 912 daAuts
     D:6: 879 daAuts
     D:9: 850 daAuts
     D:7: 831 daAuts
    D:12: 739 daAuts
     D:5: 609 daAuts
     D:8: 584 daAuts
     D:2: 544 daAuts
    D:11: 477 daAuts
    D:13: 405 daAuts
     D:3: 253 daAuts
     D:1: 204 daAuts
  Temple: 129 daAuts
